AoeStats
← [NICE_ASS] BigMasi

Socotra

505728579Analyzed
4v4 RM · 21d ago on Sep 10, 2026· 28m 26s· 8 players
Game mode
Random Map
Map size
148×148
Population
200
Speed
Normal
Resources
Standard
Victory
Conquest
Starting age
Dark Age
Ending age
Imperial Age
RankedLock teamsTeams togetherTeam positionsShared explorationLock speedFull tech treeHidden civsTurbo modeCheats
Victory
Defeat
🇨🇿 Persians · Czechia
1345
+12
🇩🇪 Goths · Germany
1303
+13
🇪🇸 Bulgarians · Spain
1154
+19
🇩🇪 Wei · Germany
1135
+20
🇨🇭 Dravidians · Switzerland
1293
-18
🇦🇺 Khmer · Australia
1254
-17
🇲🇽 Franks · Mexico
1204
-15
🇹🇼 Mongols · Taiwan
1193
-14
angelusgarcia
9:50 Feudal Age
9:10 Loom
9:58 Loom
10:24 Double-Bit Axe
13:40 Forging
20:24 Castle Age
26:27 Elite Skirmisher
26:32 Light Cavalry
[NICE_ASS] BigMasi
2:41 Loom
11:49 Feudal Age
12:33 Double-Bit Axe
17:59 Fletching
19:43 Gold Mining
25:51 Castle Age
25:47 Wheelbarrow
26:45 Padded Archer Armor
26:47 Bodkin Arrow
26:14 Crossbowman
安安您好
6:03 Loom
9:23 Feudal Age
10:00 Double-Bit Axe
15:53 Fletching
DreamStolen
10:34 Feudal Age
11:21 Horse Collar
12:21 Bloodlines
19:45 Scale Barding Armor
22:14 Forging
27:34 Castle Age
27:48 Light Cavalry
29:04 Chain Barding Armor
Darealown
2:03 Loom
12:07 Feudal Age
13:15 Double-Bit Axe
13:13 Horse Collar
14:32 Man-at-Arms
20:13 Scale Mail Armor
23:01 Forging
27:40 Wheelbarrow
Darth Joker2673
6:21 Loom
10:22 Feudal Age
11:05 Double-Bit Axe
11:01 Horse Collar
12:30 Gold Mining
14:14 Wheelbarrow
15:03 Fletching
17:32 Padded Archer Armor
23:04 Castle Age
21:23 Stone Mining
22:21 Scale Barding Armor
23:18 Bloodlines
23:24 Forging
23:51 Husbandry
24:17 Bow Saw
24:40 Heavy Plow
24:09 Crossbowman
25:21 Bodkin Arrow
28:22 Chain Barding Armor
28:17 Leather Archer Armor
LokillO!
1:43 Loom
12:07 Feudal Age
13:54 Double-Bit Axe
15:08 Scale Mail Armor
15:19 Forging
15:50 Arson
17:41 Horse Collar
17:52 Gold Mining
19:13 Forging
21:24 Wheelbarrow
25:12 Castle Age
23:16 Stone Mining
26:30 Town Watch
27:32 Chain Mail Armor
28:19 Iron Casting
28:27 Squires
Joseph90
6:33 Loom
8:54 Feudal Age
9:48 Double-Bit Axe
14:53 Horse Collar
18:36 Wheelbarrow
21:58 Bloodlines
22:04 Scale Barding Armor
22:10 Forging
27:09 Castle Age
27:01 Light Cavalry
28:22 Husbandry
Connection lost

Rejoining the realm…

Still unreachable

The connection could not be restored.

Session expired

The server has moved on; the page needs a fresh start.